 Dungeon Crawl Stone Soup version 0.17-a0-1718-g72dbe4d (webtiles) character file.

37 urechis the Skirmisher (level 3, -13/29 HPs)
             Began as a Demonspawn Abyssal Knight on Aug 24, 2015.
             Was a Believer of Lugonu.
             Mangled by a gnoll
             ... wielding a +0 halberd
              (15 damage)
             ... on level 2 of the Dungeon.
             The game lasted 00:02:44 (1118 turns).

urechis the Skirmisher (Demonspawn Abyssal Knight)  Turns: 1118, Time: 00:02:45

Health: -13/29     AC:  3    Str: 13    XL:     3   Next: 21%
Magic:  4/4        EV: 13    Int: 13    God:    Lugonu [**....]
Gold:   74         SH:  0    Dex: 12    Spells: 0 memorised, 2 levels left

rFire  . . .     SeeInvis .     a - +1 falchion
rCold  . . .     Clarity  .     b - +0 leather armour
rNeg   . . .     SustAt   .     (no shield)
rPois  .         Gourm    .     (no helmet)
rElec  .         Spirit   .     (no cloak)
rCorr  .         Warding  .     (no gloves)
rMut   .         Stasis   .     (no boots)
MR     +....                    (no amulet)
Stlth  +.........               (no ring)
                                j - ring of protection from magic

@: somewhat resistant to hostile enchantments, very unstealthy
A: repulsion field 1, demonic guardian 1
a: Depart the Abyss, Bend Space, Renounce Religion


You were on level 2 of the Dungeon.
You worshipped Lugonu.
Lugonu was pleased with you.
You were hungry.

You visited 1 branch of the dungeon, and saw 2 of its levels.
You visited the Abyss 1 time.

You collected 74 gold pieces.

Inventory:

Hand weapons
 a - a +1 falchion (weapon)
Armour
 b - a +0 leather armour (worn)
Jewellery
 j - a ring of protection from magic (left hand)
Scrolls
 d - 3 scrolls of identify {unknown}
 h - a scroll of fog {unknown}
 i - a scroll of recharging {unknown}
Potions
 e - a potion of agility {unknown}
 g - a potion of lignification {unknown}
 k - a potion of might {unknown}
Comestibles
 c - a bread ration
 f - 3 meat rations


   Skills:
 + Level 3.2 Fighting
 * Level 3.1 Long Blades
 - Level 1.7 Armour
 - Level 0.8 Dodging
 - Level 2.5 Invocations


You had 2 spell levels left.
You didn't know any spells.

Dungeon Overview and Level Annotations

Branches:
Dungeon (2/15)

Altars:


Innate Abilities, Weirdness & Mutations

You are surrounded by a mild repulsion field (EV +2).
A weak demonic guardian rushes to your aid.


Message History

You barely miss the gnoll.
The gnoll is heavily wounded.
The gnoll hits you with a club. The gnoll hits you with a halberd.
* * * LOW HITPOINT WARNING * * *
The gnoll barely misses you.
Your iron imp hits the gnoll.
The gnoll hits you with a club.
* * * LOW HITPOINT WARNING * * *
The gnoll barely misses you.
Your iron imp hits the gnoll!
The gnoll throws a throwing net.
The throwing net hits you.
You become entangled in the net!
You see here a throwing net.
You slice into the net.
Your iron imp hits the gnoll but does no damage.
The gnoll hits you from afar with a halberd.
* * * LOW HITPOINT WARNING * * *
You slice the net and break free! The gnoll misses you.
The gnoll barely misses you.
Your iron imp hits the gnoll.
The gnoll hits you from afar with a halberd!
Ouch! That really hurt!
You die...

.....##########.......#......#
.....#.......................#
.....#.##########.#####......#
.......# #.### #......#
.....### ## #...##########
.....# #.# ##....# .....# #.#
#.....# .....#######.###.....#
.....##.........@....# #....
....#........###g....# ....
.............###.gg5.# ....
#####.....................
....
.#......#..#.#...#........
#g#.
.......#####..............
#g#.
.........##...............
#g#.
.....................#....#
#.#.
................####......#
#5<5


You could see 3 gnolls and a friendly iron imp.

Vanquished Creatures
  An adder (D:2)
  A giant cockroach (D:1)
  7 goblins
  3 hobgoblins (D:1)
  5 kobolds
  A ball python (D:1)
  5 bats
  2 giant newts
  6 rats
31 creatures vanquished.

Notes
Turn   | Place    | Note
--------------------------------------------------------------
     0 | Abyss:1  | urechis the Demonspawn Abyssal Knight began the quest for the Orb.
     0 | Abyss:1  | Reached XP level 1. HP: 18/18 MP: 2/2
     9 | D:1      | Escaped the Abyss
    16 | D:1      | Noticed a salamander
    16 | D:1      | Noticed a polar bear
    17 | D:1      | Noticed a seven-headed hydra
    17 | D:1      | Noticed a hound
   149 | D:1      | Gained mutation: You are surrounded by a mild repulsion field (EV +2). [demonic ancestry]
   149 | D:1      | Reached XP level 2. HP: 20/24 MP: 3/3
   320 | D:1      | Acquired Lugonu's second power
   586 | D:2      | Gained mutation: A weak demonic guardian rushes to your aid. [demonic ancestry]
   586 | D:2      | Reached XP level 3. HP: 19/29 MP: 4/4
  1118 | D:2      | Mangled by a gnoll

Vault maps used:
D:1:      onia_arrival_zoo_common, roderic_filled_cross, st_stairs_1,
          hex_intersection
D:2:      first_bread

Action                   || total
-------------------------++-------
Melee: Falchion          ||    88
